[Event "Lueneburg Open-A 2019"]
[Site "Lueneburg"]
[Date "2019.08.03"]
[Round "1.2"]
[White "Beuter, Christof"]
[Black "Kollars, Dmitrij"]
[Result "0-1"]
[ECO "C70"]
[WhiteElo "1930"]
[BlackElo "2581"]
[Annotator "RC"]
[PlyCount "70"]
[EventDate "2019.08.03"]
[EventType "swiss"]
[EventCountry "GER"]
[SourceTitle "playchess.com"]
[Source "ChessBase"]
[SourceQuality "1"]
[TimeControl "40/5400+30:1800+30"]

1. e4 e5 2. Nf3 Nc6 3. Bb5 a6 4. Ba4 g6 5. c3 Bg7 6. d3 Nge7 7. O-O O-O 8. Re1 d6 9. Nbd2 h6 10. Nf1 f5 11. Bb3+ Kh8 12. exf5 Nxf5 13. Ne3 Nxe3 14. Bxe3 Bg4 15. Bd5 Ne7 16. Qa4 Bd7 17. Qb3 Nxd5 18. Qxd5 Bc6 19. Qe6 Bxf3 20. gxf3 Qf6 21. Qg4 Kh7 22. f4 exf4 23. Bd4 Qf7 24. Bxg7 Kxg7 25. Re6 h5 26. Qe2 f3 27. Qe4 Rae8 28. Re1 Rxe6 29. Qxe6 Qf4 30. Kh1 Rf7 31. Qe4 Qxe4 32. Rxe4 Rf5 33. h3 Re5 34. Rxe5 dxe5 35. h4 Kf6 0-1

[Event "Lueneburg Open-A 2019"]
[Site "Lueneburg"]
[Date "2019.08.03"]
[Round "1.4"]
[White "Modder, Frank"]
[Black "Sebastian, Dirk"]
[Result "0-1"]
[ECO "C45"]
[WhiteElo "1920"]
[BlackElo "2453"]
[Annotator "ChessBase"]
[PlyCount "60"]
[EventDate "2019.08.03"]
[EventType "swiss"]
[EventCountry "GER"]
[SourceTitle "playchess.com"]
[Source "ChessBase"]
[SourceQuality "1"]
[TimeControl "40/5400+30:1800+30"]

1. e4 e5 2. Nf3 Nc6 3. d4 exd4 4. Nxd4 Nf6 5. Nxc6 bxc6 6. e5 Qe7 7. Qe2 Nd5 8. c4 Nb6 9. Nc3 Qe6 10. Qe4 Bb4 11. Bd2 Ba6 12. b3 Bxc3 13. Bxc3 d5 14. cxd5 cxd5 15. Qb4 Bxf1 16. Kxf1 Rc8 17. Bd4 Nd7 18. Bc5 Rb8 19. Qa4 a6 20. f3 Rb5 21. Rc1 Nxc5 22. Rxc5 O-O 23. Rxb5 axb5 24. Qd4 c5 25. Qxc5 Rc8 26. Qe3 Rc2 27. h3 Qg6 28. g4 Rb2 29. Rg1 Qb1+ 30. Qe1 Qd3+ 0-1

[Event "Lueneburg Open-A 2019"]
[Site "Lueneburg"]
[Date "2019.08.03"]
[Round "1.5"]
[White "Feuerstack, Aljoscha"]
[Black "Schwarz, Jochen"]
[Result "1-0"]
[ECO "C05"]
[WhiteElo "2441"]
[BlackElo "1909"]
[Annotator "NA"]
[PlyCount "61"]
[EventDate "2019.08.03"]
[EventType "swiss"]
[EventCountry "GER"]
[SourceTitle "playchess.com"]
[Source "ChessBase"]
[SourceQuality "1"]
[TimeControl "40/5400+30:1800+30"]

1. e4 e6 2. d4 d5 3. Nd2 Nf6 4. e5 Nfd7 5. c3 c5 6. f4 Nc6 7. Ndf3 Qb6 8. Ne2 cxd4 9. cxd4 Be7 10. Nc3 O-O 11. Bd3 f6 12. h4 fxe5 13. dxe5 Ndxe5 14. fxe5 Nxe5 15. Bxh7+ Kh8 16. Bc2 Bd7 17. Nd4 Be8 18. Be3 Bf6 19. O-O Kg8 20. Bf2 Qxb2 21. Nxe6 Qxc3 22. Nxf8 Kxf8 23. Qxd5 Bf7 24. Qxb7 Re8 25. Rac1 Qa5 26. Bh7 g6 27. Bd4 Nf3+ 28. Rxf3 Bxd4+ 29. Kh1 Re1+ 30. Rf1 Rxc1 31. Qxf7# 1-0

[Event "Lueneburg Open-A 2019"]
[Site "Lueneburg"]
[Date "2019.08.03"]
[Round "1.6"]
[White "Klausch, Uwe"]
[Black "Carlstedt, Jonathan"]
[Result "0-1"]
[ECO "C74"]
[WhiteElo "1900"]
[BlackElo "2408"]
[Annotator "NA"]
[PlyCount "44"]
[EventDate "2019.08.03"]
[EventType "swiss"]
[EventCountry "GER"]
[SourceTitle "playchess.com"]
[Source "ChessBase"]
[SourceQuality "1"]
[TimeControl "40/5400+30:1800+30"]

1. e4 e5 2. Nf3 Nc6 3. Bb5 a6 4. Ba4 d6 5. c3 f5 6. d3 Be7 7. O-O Nf6 8. Qe2 O-O 9. Bb3+ Kh8 10. Ng5 d5 11. exd5 Nxd5 12. Qh5 Bxg5 13. Bxg5 Nf6 14. Qe2 f4 15. Nd2 Qe8 16. Bh4 Ng4 17. f3 Nxh2 18. Rfc1 Qh5 19. Be1 Rf6 20. Nf1 Rh6 21. Nxh2 Qxh2+ 22. Kf1 Rg6 0-1

[Event "Lueneburg Open-A 2019"]
[Site "Lueneburg"]
[Date "2019.08.03"]
[Round "1.8"]
[White "Ziese, Gerhard"]
[Black "Ertan, Can"]
[Result "0-1"]
[ECO "A23"]
[WhiteElo "1897"]
[BlackElo "2396"]
[Annotator "NA"]
[PlyCount "82"]
[EventDate "2019.08.03"]
[EventType "swiss"]
[EventCountry "GER"]
[SourceTitle "playchess.com"]
[Source "ChessBase"]
[SourceQuality "1"]
[TimeControl "40/5400+30:1800+30"]

1. c4 e5 2. g3 Nf6 3. Bg2 Bc5 4. Nc3 c6 5. e3 d5 6. d4 exd4 7. exd4 Bb4 8. Qb3 Qe7+ 9. Nge2 dxc4 10. Qxc4 Be6 11. Qd3 O-O 12. O-O Qd7 13. Bg5 Nd5 14. Rfd1 Re8 15. Nf4 Nxf4 16. Bxf4 Bg4 17. Re1 Na6 18. Be4 h6 19. a3 Bd6 20. Be3 Rad8 21. b4 Be5 22. Ne2 Bxe2 23. Rxe2 Bxd4 24. Rd1 c5 25. Bxd4 Qxd4 26. Bh7+ Kh8 27. Rxe8+ Rxe8 28. Qc2 Qf6 29. b5 Nb8 30. Bf5 b6 31. Bh3 Rd8 32. Re1 g6 33. Qe2 Kg7 34. Qe7 Rd2 35. Qxf6+ Kxf6 36. Re8 Nd7 37. Ra8 c4 38. Rxa7 Nc5 39. Bf1 c3 40. Bc4 c2 41. Rxf7+ Ke5 0-1

[Event "Lueneburg Open-A 2019"]
[Site "Lueneburg"]
[Date "2019.08.03"]
[Round "1.9"]
[White "Sriram, Jha"]
[Black "Berres, Eric"]
[Result "1-0"]
[ECO "A05"]
[WhiteElo "2381"]
[BlackElo "1890"]
[Annotator "NA"]
[PlyCount "93"]
[EventDate "2019.08.03"]
[EventType "swiss"]
[EventCountry "GER"]
[SourceTitle "playchess.com"]
[Source "ChessBase"]
[SourceQuality "1"]
[TimeControl "40/5400+30:1800+30"]

1. Nf3 Nf6 2. g3 d5 3. Bg2 e6 4. O-O Be7 5. d3 b6 6. Nbd2 Bb7 7. e4 dxe4 8. Ng5 Nbd7 9. dxe4 h6 10. e5 Bxg2 11. exf6 Bxf1 12. Nxe6 Qc8 13. Nxg7+ Kf8 14. fxe7+ Kxg7 15. Nxf1 Nf6 16. Bf4 Qe6 17. Ne3 Rhe8 18. Qd3 Qe4 19. Qxe4 Nxe4 20. Bxc7 Kg6 21. Bd8 Nc5 22. Nc4 Nb7 23. Ne5+ Kg7 24. Nc6 Nxd8 25. exd8=Q Raxd8 26. Nxd8 Rxd8 27. Kf1 Rd2 28. Rc1 h5 29. Ke1 Rd6 30. Rd1 Re6+ 31. Kd2 h4 32. c4 Rf6 33. Ke2 Re6+ 34. Kf1 Re4 35. b3 hxg3 36. hxg3 Re6 37. Rd7 a5 38. Rd5 Rc6 39. Ke2 a4 40. Kd3 axb3 41. axb3 Rf6 42. f4 Re6 43. Re5 Rd6+ 44. Kc3 Kf8 45. Re3 f6 46. Kb4 Kf7 47. f5 1-0

[Event "Lueneburg Open-A 2019"]
[Site "Lueneburg"]
[Date "2019.08.03"]
[Round "1.10"]
[White "Krotofil, Kurt"]
[Black "Colpe, Malte"]
[Result "0-1"]
[ECO "D38"]
[WhiteElo "1889"]
[BlackElo "2367"]
[Annotator "ChessBase"]
[PlyCount "112"]
[EventDate "2019.08.03"]
[EventType "swiss"]
[EventCountry "GER"]
[SourceTitle "playchess.com"]
[Source "ChessBase"]
[SourceQuality "1"]
[TimeControl "40/5400+30:1800+30"]

1. d4 d5 2. c4 e6 3. Nc3 Bb4 4. Nf3 Nf6 5. Bg5 h6 6. Bxf6 Qxf6 7. e3 O-O 8. Bd3 c5 9. O-O cxd4 10. Nxd4 Bxc3 11. bxc3 dxc4 12. Bxc4 Nd7 13. Be2 Nc5 14. Rc1 Rd8 15. Qc2 e5 16. Nb3 Bf5 17. Qb2 Nd3 18. Bxd3 Bxd3 19. Rfd1 Rac8 20. Rd2 b6 21. Rcd1 e4 22. Nd4 Rd5 23. f3 Rdc5 24. Rc1 Qh4 25. Rf2 exf3 26. Nxf3 Qe7 27. Qd2 Bg6 28. Nd4 Re5 29. Re1 Qc5 30. Rc1 Qa3 31. Nf3 Rd5 32. Nd4 Rdc5 33. Ne2 R5c7 34. Rf4 Re7 35. Nd4 Qc5 36. Rf3 Qd5 37. Rf2 Kh7 38. Rf3 b5 39. Qb2 Be4 40. Rf2 Re5 41. Rcf1 Bg6 42. Qd2 a6 43. Re1 Qc5 44. Rc1 Qa3 45. Nb3 Re4 46. Nd4 b4 47. Ne2 Rec4 48. Qd6 R4c6 49. Qe7 R6c7 50. Qd6 a5 51. Rd1 Qxa2 52. Nf4 Qb3 53. Nxg6 fxg6 54. cxb4 Rc1 55. Rxc1 Rxc1+ 56. Rf1 Qxe3+ 0-1

[Event "Lueneburg Open-A 2019"]
[Site "Lueneburg"]
[Date "2019.08.03"]
[Round "1.12"]
[White "Foo, Tzun Hong"]
[Black "Jahncke, Giso"]
[Result "0-1"]
[ECO "B06"]
[WhiteElo "1880"]
[BlackElo "2325"]
[Annotator "NA"]
[PlyCount "98"]
[EventDate "2019.08.03"]
[EventType "swiss"]
[EventCountry "GER"]
[SourceTitle "playchess.com"]
[Source "ChessBase"]
[SourceQuality "1"]
[TimeControl "40/5400+30:1800+30"]

1. e4 g6 2. d4 Bg7 3. Nf3 d6 4. Bd3 Nc6 5. c3 e5 6. Bc2 Bg4 7. d5 Nb8 8. Ba4+ Nd7 9. h3 Bxf3 10. Qxf3 h6 11. O-O Ne7 12. Qe2 O-O 13. f4 exf4 14. Bxd7 Qxd7 15. Bxf4 Rae8 16. Qd3 f5 17. Nd2 g5 18. Be3 f4 19. Bd4 Ng6 20. Nf3 Ne5 21. Bxe5 Bxe5 22. Nd4 Bxd4+ 23. cxd4 Qh7 24. Rae1 Re7 25. Re2 h5 26. Qf3 Qg7 27. Qxh5 Qxd4+ 28. Kh1 Qe5 29. Qg4 Rh7 30. Rf3 Rh4 31. Qe6+ Qxe6 32. dxe6 Re8 33. Rb3 b6 34. Rb5 c5 35. b4 Rxe6 36. bxc5 dxc5 37. a4 g4 38. Kh2 Reh6 39. Rb3 f3 40. Rf2 fxg2 41. Rxg2 Rxh3+ 42. Rxh3 Rxh3+ 43. Kg1 Ra3 44. Rxg4+ Kf7 45. e5 Ke6 46. Re4 Ra2 47. Kf1 Kd5 48. Re1 Rxa4 49. e6 Rf4+ 0-1

[Event "Lueneburg Open-A 2019"]
[Site "Lueneburg"]
[Date "2019.08.03"]
[Round "1.13"]
[White "Stork, Oliver"]
[Black "Hesse, Juergen"]
[Result "1-0"]
[ECO "E67"]
[WhiteElo "2322"]
[BlackElo "1877"]
[Annotator "NA"]
[PlyCount "69"]
[EventDate "2019.08.03"]
[EventType "swiss"]
[EventCountry "GER"]
[SourceTitle "playchess.com"]
[Source "ChessBase"]
[SourceQuality "1"]
[TimeControl "40/5400+30:1800+30"]

1. c4 Nf6 2. Nf3 g6 3. g3 Bg7 4. Bg2 d6 5. O-O O-O 6. Nc3 c6 7. d4 Nbd7 8. b4 e5 9. b5 e4 10. Nd2 d5 11. Qb3 Nb6 12. cxd5 cxd5 13. a4 Be6 14. Rd1 Qd7 15. a5 Nc8 16. Nf1 h6 17. Na4 Re8 18. Nc5 Qc7 19. Bf4 Qe7 20. Rac1 g5 21. Be5 Ng4 22. Nxe6 Qxe6 23. Bxg7 Kxg7 24. Bh3 f5 25. Bxg4 fxg4 26. Rc7+ Re7 27. Rdc1 Rf7 28. Rxf7+ Qxf7 29. Qb4 Qd7 30. Ne3 h5 31. Qc5 Ne7 32. Qxe7+ Qxe7 33. Nf5+ Kf6 34. Nxe7 Kxe7 35. Rc7+ 1-0

[Event "Lueneburg Open-A 2019"]
[Site "Lueneburg"]
[Date "2019.08.03"]
[Round "1.14"]
[White "Moysich, Dirk"]
[Black "Kolbus, Dietmar"]
[Result "0-1"]
[ECO "A16"]
[WhiteElo "1871"]
[BlackElo "2281"]
[Annotator "NA"]
[PlyCount "48"]
[EventDate "2019.08.03"]
[EventType "swiss"]
[EventCountry "GER"]
[SourceTitle "playchess.com"]
[Source "ChessBase"]
[SourceQuality "1"]
[TimeControl "40/5400+30:1800+30"]

1. Nf3 Nf6 2. g3 g6 3. Bg2 Bg7 4. O-O O-O 5. c4 d5 6. cxd5 Nxd5 7. Nc3 Nb6 8. d3 Nc6 9. Be3 h6 10. Qd2 Kh7 11. Rac1 e5 12. Bc5 Re8 13. Rfd1 Be6 14. Ba3 f5 15. e3 Qd7 16. Ne1 Nd8 17. b3 c6 18. Ne2 Nf7 19. Bb2 Rad8 20. Qc2 Qe7 21. a3 Nd6 22. b4 Qf7 23. Rd2 Bb3 24. Qb1 Ndc4 0-1

[Event "Lueneburg Open-A 2019"]
[Site "Lueneburg"]
[Date "2019.08.03"]
[Round "1.15"]
[White "Buchenau, Frank"]
[Black "Serreck, Uwe"]
[Result "1-0"]
[ECO "B06"]
[WhiteElo "2294"]
[BlackElo "1869"]
[Annotator "NA"]
[PlyCount "61"]
[EventDate "2019.08.03"]
[EventType "swiss"]
[EventCountry "GER"]
[SourceTitle "playchess.com"]
[Source "ChessBase"]
[SourceQuality "1"]
[TimeControl "40/5400+30:1800+30"]

1. e4 g6 2. d4 Bg7 3. Nc3 d6 4. Nf3 a6 5. Bc4 e6 6. a4 b6 7. O-O Nd7 8. Bf4 Ne7 9. Re1 Bb7 10. h3 h6 11. Qd2 g5 12. Bg3 Ng6 13. Rad1 Qe7 14. Qe3 O-O 15. Bd3 Rae8 16. Qe2 a5 17. Nb5 Nf6 18. e5 dxe5 19. Bxg6 Bxf3 20. Qxf3 fxg6 21. Qc6 Nh5 22. Nxc7 Rc8 23. Qxe6+ Qf7 24. Qxf7+ Rxf7 25. Nd5 Nxg3 26. fxg3 Rxc2 27. dxe5 Rff2 28. Ne3 Rxb2 29. e6 Bc3 30. Rd8+ Kg7 31. e7 1-0

[Event "Lueneburg Open-A 2019"]
[Site "Lueneburg"]
[Date "2019.08.03"]
[Round "1.16"]
[White "Doederlein, Etienne"]
[Black "Weishaeutel, Moritz"]
[Result "1/2-1/2"]
[ECO "C00"]
[WhiteElo "1868"]
[BlackElo "2276"]
[Annotator "NA"]
[PlyCount "100"]
[EventDate "2019.08.03"]
[EventType "swiss"]
[EventCountry "GER"]
[SourceTitle "playchess.com"]
[Source "ChessBase"]
[SourceQuality "1"]
[TimeControl "40/5400+30:1800+30"]

1. Nf3 c5 2. g3 d5 3. Bg2 Nf6 4. O-O e6 5. d3 Nc6 6. Nbd2 Be7 7. e4 O-O 8. Re1 b5 9. e5 Nd7 10. Nf1 Bb7 11. h4 Qc7 12. Bf4 Rfc8 13. N1h2 Qd8 14. h5 h6 15. Ng4 Bf8 16. Qd2 a5 17. Bxh6 gxh6 18. Nxh6+ Bxh6 19. Qxh6 Qf8 20. Qf4 Ne7 21. Bh3 d4 22. Ng5 Bd5 23. Ne4 Bxe4 24. Rxe4 Qg7 25. Rae1 Nd5 26. Qd2 Kh8 27. Rg4 Qh7 28. Bg2 Rg8 29. Be4 Qxh5 30. Rxg8+ Kxg8 31. Kg2 Kf8 32. Bf3 Qg6 33. Be4 Qg7 34. Bxd5 exd5 35. e6 fxe6 36. Rxe6 Kg8 37. Qe2 Rf8 38. Re7 Rf7 39. Rxd7 Rxf2+ 40. Qxf2 Qxd7 41. Qf6 a4 42. Qg6+ Kf8 43. Qf6+ Kg8 44. Kf3 b4 45. g4 Qe8 46. Qg5+ Kf8 47. Qf5+ Kg7 48. Qg5+ Kf8 49. Qf5+ Kg7 50. Qg5+ Kf8 1/2-1/2

[Event "Lueneburg Open-A 2019"]
[Site "Lueneburg"]
[Date "2019.08.03"]
[Round "1.17"]
[White "Poeck, Ole"]
[Black "Rothenberg, Jannik"]
[Result "1-0"]
[ECO "E01"]
[WhiteElo "2259"]
[BlackElo "1859"]
[Annotator "NA"]
[PlyCount "117"]
[EventDate "2019.08.03"]
[EventType "swiss"]
[EventCountry "GER"]
[SourceTitle "playchess.com"]
[Source "ChessBase"]
[SourceQuality "1"]
[TimeControl "40/5400+30:1800+30"]

1. Nf3 d5 2. g3 c5 3. Bg2 Nc6 4. d4 e6 5. O-O Nf6 6. c4 cxd4 7. Nxd4 Bc5 8. Nb3 Be7 9. cxd5 exd5 10. Nc3 Be6 11. Nd4 O-O 12. Bf4 Qb6 13. Nxe6 fxe6 14. Bh3 Kh8 15. Na4 Qa6 16. Bxe6 Rae8 17. Bh3 b5 18. Nc3 d4 19. Nb1 Nd5 20. Bd2 Bf6 21. Qb3 Nce7 22. Na3 Nb6 23. Qxb5 Qxb5 24. Nxb5 Ned5 25. Rae1 Nc4 26. Bc1 a6 27. Na7 Rf7 28. Nc8 Be5 29. b3 Nd6 30. Nxd6 Bxd6 31. Bg4 Nc3 32. Bb2 Nxa2 33. Bh5 g6 34. Bxd4+ Be5 35. Bxe5+ Rxe5 36. Bf3 Nc3 37. Kg2 Rfe7 38. e3 Rb5 39. Ra1 Rxb3 40. Rxa6 Rb2 41. Rc1 Rxe3 42. Ra3 Rxf2+ 43. Kxf2 Nd1+ 44. Rxd1 Rxa3 45. Rd7 Ra2+ 46. Be2 Ra3 47. Re7 Rb3 48. h4 Ra3 49. Bc4 Rc3 50. Rc7 Ra3 51. Kg2 Ra1 52. Kf3 Rc1 53. Kf4 Ra1 54. Ke5 Ra5+ 55. Bd5 Ra6 56. Be6 Ra1 57. g4 h5 58. Kf6 hxg4 59. Kxg6 1-0

[Event "Lueneburg Open-A 2019"]
[Site "Lueneburg"]
[Date "2019.08.03"]
[Round "1.18"]
[White "Wirries, Frank-Michael"]
[Black "Lubbe, Melanie"]
[Result "0-1"]
[ECO "B59"]
[WhiteElo "1858"]
[BlackElo "2258"]
[Annotator "NA"]
[PlyCount "70"]
[EventDate "2019.08.03"]
[EventType "swiss"]
[EventCountry "GER"]
[SourceTitle "playchess.com"]
[Source "ChessBase"]
[SourceQuality "1"]
[TimeControl "40/5400+30:1800+30"]

1. e4 c5 2. Nf3 d6 3. d4 cxd4 4. Nxd4 Nf6 5. Nc3 Nc6 6. Be2 e5 7. Nb3 Be7 8. O-O O-O 9. Be3 a5 10. a4 Be6 11. Bf3 Nb4 12. Qe2 Qc7 13. Rfd1 Rfd8 14. Qb5 Ra6 15. Nd5 Nfxd5 16. exd5 Bd7 17. Qf1 Qxc2 18. Nd2 Qg6 19. Be2 Raa8 20. Bb6 Rdc8 21. Nc4 Bf5 22. Ra3 Bd8 23. Rg3 Qf6 24. Rf3 Rxc4 25. Bxd8 Qxd8 26. Bxc4 Bg4 27. Rg3 Bxd1 28. Qxd1 f5 29. Qh5 Qf6 30. Rh3 Qg6 31. Qe2 Rc8 32. Rc3 Qg4 33. Qxg4 fxg4 34. Be2 Rxc3 35. bxc3 Na2 0-1

[Event "Lueneburg Open-A 2019"]
[Site "Lueneburg"]
[Date "2019.08.03"]
[Round "1.19"]
[White "Colbow, Collin"]
[Black "Buchaeckert, Juergen"]
[Result "1-0"]
[ECO "B33"]
[WhiteElo "2167"]
[BlackElo "1839"]
[Annotator "NA"]
[PlyCount "75"]
[EventDate "2019.08.03"]
[EventType "swiss"]
[EventCountry "GER"]
[SourceTitle "playchess.com"]
[Source "ChessBase"]
[SourceQuality "1"]
[TimeControl "40/5400+30:1800+30"]

1. e4 c5 2. Nf3 Nc6 3. d4 cxd4 4. Nxd4 Nf6 5. Nc3 e5 6. Ndb5 d6 7. Bg5 a6 8. Na3 b5 9. Nd5 Be7 10. Bxf6 Bxf6 11. c3 Rb8 12. Nc2 Bg5 13. Be2 O-O 14. O-O a5 15. Bg4 Be6 16. b4 axb4 17. cxb4 Ne7 18. Nce3 Bxe3 19. Nxe3 d5 20. exd5 Bxd5 21. Nxd5 Nxd5 22. Qb3 Nf6 23. Be2 Qb6 24. a4 bxa4 25. Rxa4 Ne4 26. Qd3 Nf6 27. b5 Rfd8 28. Qc3 Nd7 29. Rc1 Qd6 30. Ra7 Qb6 31. Rc7 Rb7 32. Rc6 Qa7 33. Rd1 Qb8 34. Rcd6 f6 35. Bg4 Rc7 36. Qb3+ Kh8 37. Rxd7 Rdxd7 38. Bxd7 1-0

[Event "Lueneburg Open-A 2019"]
[Site "Lueneburg"]
[Date "2019.08.03"]
[Round "1.20"]
[White "Britsch, Benjamin"]
[Black "Mueer, Sebastian"]
[Result "0-1"]
[ECO "A45"]
[WhiteElo "1835"]
[BlackElo "2198"]
[Annotator "NA"]
[PlyCount "38"]
[EventDate "2019.08.03"]
[EventType "swiss"]
[EventCountry "GER"]
[SourceTitle "playchess.com"]
[Source "ChessBase"]
[SourceQuality "1"]
[TimeControl "40/5400+30:1800+30"]

1. d4 Nf6 2. Bg5 c5 3. Bxf6 gxf6 4. dxc5 Qa5+ 5. Nc3 Nc6 6. e3 e6 7. a3 Qxc5 8. Nf3 d5 9. e4 dxe4 10. Nxe4 Qe7 11. c4 f5 12. Nc3 Bg7 13. Rc1 O-O 14. b4 a5 15. Qa4 Bxc3+ 16. Rxc3 axb4 17. Qxa8 bxc3 18. Bd3 e5 19. Bb1 e4 0-1

[Event "Lueneburg Open-A 2019"]
[Site "Lueneburg"]
[Date "2019.08.03"]
[Round "1.22"]
[White "Chmielewski, Axel"]
[Black "Ramme, Christoph"]
[Result "0-1"]
[ECO "E05"]
[WhiteElo "1811"]
[BlackElo "2154"]
[Annotator "NA"]
[PlyCount "88"]
[EventDate "2019.08.03"]
[EventType "swiss"]
[EventCountry "GER"]
[SourceTitle "playchess.com"]
[Source "ChessBase"]
[SourceQuality "1"]
[TimeControl "40/5400+30:1800+30"]

1. d4 Nf6 2. c4 e6 3. Nf3 d5 4. g3 Be7 5. Bg2 O-O 6. O-O dxc4 7. a4 Bd7 8. Ne5 Bc6 9. Nxc6 Nxc6 10. Bxc6 bxc6 11. e3 Rb8 12. Nd2 Qd5 13. Qe2 Rb4 14. Ra3 Rd8 15. Rc3 Rxa4 16. Nxc4 c5 17. b3 Ra1 18. Qb2 Ra6 19. Rd3 h5 20. f3 cxd4 21. Rxd4 Qa8 22. Qe2 Rxd4 23. exd4 Qb7 24. Qd3 Ra2 25. Be3 Qd5 26. Qb1 Ra6 27. Kf2 Ne8 28. Rd1 Nd6 29. Nxd6 Bxd6 30. Qd3 Ra3 31. Qc4 Rxb3 32. Qxd5 exd5 33. Ra1 Ra3 34. Rxa3 Bxa3 35. Bf4 c6 36. Bb8 a5 37. Ke2 Kf8 38. Kd3 Bb4 39. Kc2 a4 40. Be5 f6 41. Bf4 Ke7 42. Bc1 Bd6 43. f4 Ke6 44. Kd3 Kf5 0-1

[Event "Lueneburg Open-A 2019"]
[Site "Lueneburg"]
[Date "2019.08.03"]
[Round "1.23"]
[White "Haas, Frank-Martin"]
[Black "Rudolph, Jens-Erik"]
[Result "1-0"]
[ECO "C41"]
[WhiteElo "2152"]
[BlackElo "1805"]
[Annotator "NA"]
[PlyCount "55"]
[EventDate "2019.08.03"]
[EventType "swiss"]
[EventCountry "GER"]
[SourceTitle "playchess.com"]
[Source "ChessBase"]
[SourceQuality "1"]
[TimeControl "40/5400+30:1800+30"]

1. e4 d6 2. d4 Nf6 3. Nc3 Nbd7 4. Bc4 e5 5. Nf3 Be7 6. O-O c6 7. a4 Qc7 8. Re1 a5 9. b3 Nf8 10. Ng5 Ne6 11. Nxe6 Bxe6 12. Bxe6 fxe6 13. dxe5 dxe5 14. Qe2 Bb4 15. Qc4 Qf7 16. Re2 O-O 17. Na2 b5 18. Qxc6 Rac8 19. Qxb5 Nxe4 20. Be3 Bc3 21. Rf1 Rfd8 22. Bb6 Rd5 23. Qa6 Nd6 24. Nxc3 Rxc3 25. Bxa5 Rc8 26. c4 Rd3 27. c5 Rxc5 28. Qxd3 1-0

[Event "Lueneburg Open-A 2019"]
[Site "Lueneburg"]
[Date "2019.08.03"]
[Round "1.24"]
[White "Wunderlich, Matthias"]
[Black "Terhorst, Jochen"]
[Result "0-1"]
[ECO "A00"]
[WhiteElo "1792"]
[BlackElo "2144"]
[Annotator "NA"]
[PlyCount "56"]
[EventDate "2019.08.03"]
[EventType "swiss"]
[EventCountry "GER"]
[SourceTitle "playchess.com"]
[Source "ChessBase"]
[SourceQuality "1"]
[TimeControl "40/5400+30:1800+30"]

1. Nc3 d5 2. e4 dxe4 3. Nxe4 Nd7 4. Bc4 e6 5. Nf3 Ngf6 6. d3 Be7 7. Qe2 Nb6 8. Bb3 a5 9. c3 a4 10. Bc2 Nxe4 11. dxe4 a3 12. b3 Qd6 13. Be3 e5 14. Rd1 Qc6 15. c4 f6 16. O-O O-O 17. Nh4 g6 18. f4 exf4 19. Bxf4 g5 20. Bxg5 fxg5 21. Qh5 Qc5+ 22. Kh1 Qe5 23. Nf5 Bxf5 24. exf5 Bf6 25. Rde1 Qc3 26. Re6 Rad8 27. Qh6 Rd6 28. Bb1 Bg7 0-1

[Event "Lueneburg Open-A 2019"]
[Site "Lueneburg"]
[Date "2019.08.03"]
[Round "1.25"]
[White "Ishak, Rashid"]
[Black "Schaefer, Maik"]
[Result "1-0"]
[ECO "B47"]
[WhiteElo "2141"]
[BlackElo "1781"]
[Annotator "NA"]
[PlyCount "51"]
[EventDate "2019.08.03"]
[EventType "swiss"]
[EventCountry "GER"]
[SourceTitle "playchess.com"]
[Source "ChessBase"]
[SourceQuality "1"]
[TimeControl "40/5400+30:1800+30"]

1. e4 c5 2. Nf3 e6 3. d4 cxd4 4. Nxd4 Nc6 5. Nc3 Qc7 6. Nxc6 bxc6 7. Bd3 Bb4 8. O-O Ne7 9. f4 Bb7 10. Be3 Ba5 11. Kh1 Bb6 12. Bd2 O-O-O 13. Qe2 f5 14. e5 g5 15. Na4 gxf4 16. Nxb6+ axb6 17. Bxf4 h6 18. a4 Ng6 19. a5 bxa5 20. Qd2 c5 21. Rxa5 Rdg8 22. Ba6 Nh4 23. Bg3 Rg4 24. Bxb7+ Qxb7 25. Rfa1 Kb8 26. Qd6+ 1-0

[Event "Lueneburg Open-A 2019"]
[Site "Lueneburg"]
[Date "2019.08.03"]
[Round "1.26"]
[White "Schulze, Lukas"]
[Black "Andersen, Jens Knud"]
[Result "1/2-1/2"]
[ECO "E60"]
[WhiteElo "1724"]
[BlackElo "2141"]
[Annotator "NA"]
[PlyCount "48"]
[EventDate "2019.08.03"]
[EventType "swiss"]
[EventCountry "GER"]
[SourceTitle "playchess.com"]
[Source "ChessBase"]
[SourceQuality "1"]
[TimeControl "40/5400+30:1800+30"]

1. Nf3 Nf6 2. c4 d6 3. d4 g6 4. g3 Bg7 5. Bg2 O-O 6. O-O Nc6 7. d5 Na5 8. Nbd2 c5 9. e4 a6 10. Rb1 b5 11. b3 Rb8 12. Qc2 bxc4 13. bxc4 Rxb1 14. Qxb1 Bd7 15. Qc2 Qc7 16. Bb2 e5 17. Rb1 Rb8 18. Bc3 Rxb1+ 19. Qxb1 Nb7 20. Qb3 Bf8 21. Qb2 Ne8 22. Qa3 Qb6 23. Nb3 Be7 24. Bd2 Bd8 1/2-1/2

[Event "Lueneburg Open-A 2019"]
[Site "Lueneburg"]
[Date "2019.08.03"]
[Round "1.27"]
[White "Wronn, Bernd"]
[Black "Ahrens, Gunnar"]
[Result "1-0"]
[ECO "A33"]
[WhiteElo "2128"]
[BlackElo "1764"]
[Annotator "NA"]
[PlyCount "45"]
[EventDate "2019.08.03"]
[EventType "swiss"]
[EventCountry "GER"]
[SourceTitle "playchess.com"]
[Source "ChessBase"]
[SourceQuality "1"]
[TimeControl "40/5400+30:1800+30"]

1. Nf3 Nf6 2. c4 e6 3. g3 Be7 4. Bg2 O-O 5. O-O c5 6. d4 cxd4 7. Nxd4 Nc6 8. Nc3 a6 9. e4 Rb8 10. Be3 Qc7 11. Rc1 d6 12. Nd5 Qd8 13. Nxe7+ Qxe7 14. Qd2 Nxd4 15. Bxd4 e5 16. Bb6 Qd7 17. Rfd1 Ne8 18. c5 Qb5 19. Bf1 Qc6 20. Qe3 Bg4 21. f3 Be6 22. cxd6 Qa4 23. d7 1-0

[Event "Lueneburg Open-A 2019"]
[Site "Lueneburg"]
[Date "2019.08.03"]
[Round "1.28"]
[White "Indinger, Alexander"]
[Black "Dijkhuis, Oele"]
[Result "1-0"]
[ECO "A26"]
[WhiteElo "1764"]
[BlackElo "2161"]
[Annotator "NA"]
[PlyCount "65"]
[EventDate "2019.08.03"]
[EventType "swiss"]
[EventCountry "GER"]
[SourceTitle "playchess.com"]
[Source "ChessBase"]
[SourceQuality "1"]
[TimeControl "40/5400+30:1800+30"]

1. c4 Nf6 2. g3 g6 3. Bg2 Bg7 4. Nc3 O-O 5. e4 d6 6. Nge2 e5 7. O-O Nc6 8. d3 Nd4 9. Be3 c5 10. Rb1 Bd7 11. b4 b6 12. bxc5 dxc5 13. h3 Bc6 14. Nd5 Nxd5 15. exd5 Ba4 16. Qd2 Qd6 17. Nc3 Bd7 18. Ne4 Qc7 19. f4 Nf5 20. fxe5 Bxe5 21. Bf4 f6 22. Rbe1 Bd4+ 23. Kh2 Qc8 24. Re2 Re8 25. Rfe1 Kh8 26. Nd6 Rxe2 27. Qxe2 Qf8 28. Nxf5 Bxf5 29. Qe7 Be5 30. Rxe5 fxe5 31. Bxe5+ Kg8 32. d6 Be4 33. Bxe4 1-0